 Dungeon Crawl Stone Soup version 0.29-a0-824-gd827844252 (webtiles) character file.

Game seed: 15739220600748873039

116 coolguy69 the Sneak (level 5, -4/28 HPs)
             Began as a Vine Stalker Monk on July 9, 2022.
             Slain by a hobgoblin (6 damage)
             ... led by Robin
             ... on level 3 of the Dungeon.
             The game lasted 00:02:08 (2387 turns).

coolguy69 the Sneak (Vine Stalker Monk)             Turns: 2387, Time: 00:02:09

Health: -4/28      AC:  3    Str: 15    XL:     5   Next: 1%
Magic:  0/6        EV: 13    Int: 10    God:
Gold:   96         SH:  0    Dex: 17    Spells: 4/4 levels left

rFire   . . .      SeeInvis .   a - +0 short sword
rCold   + . .      Faith    .   (no shield)
rNeg    . . .      Spirit   +   b - +0 robe
rPois   .          Reflect  .   t - +0 helmet
rElec   .          Harm     .   (no cloak)
rCorr   .          Rampage  .   (no gloves)
Will    .....                   (no boots)
Stlth   +++.......              (no amulet)
HPRegen 0.89/turn               p - ring of protection from cold
MPRegen 0.10/turn               (no ring)

@: no status effects
A: fangs 2, regeneration 1, magic shield, antimagic bite, no potion heal 2
a: no special abilities


You were on level 3 of the Dungeon.
You visited 1 branch of the dungeon, and saw 3 of its levels.

You collected 96 gold pieces.

Inventory:

Hand Weapons
 a - a +0 short sword (weapon)
Armour
 b - a +0 robe (worn)
 t - a +0 helmet (worn)
Jewellery
 j - a ring of wizardry
 m - a ring of flight
 p - a ring of protection from cold (left hand)
Wands
 n - a wand of iceblast (8)
Scrolls
 d - a scroll of blinking {unknown}
 e - a scroll of fog {unknown}
 f - a scroll of vulnerability {unknown}
 i - 2 scrolls of noise {unknown}
 k - 2 scrolls of teleportation {unknown}
 q - 2 scrolls of enchant weapon {unknown}
 s - a scroll of magic mapping {unknown}
Potions
 c - a potion of ambrosia
 g - a potion of lignification {unknown}
 h - 2 potions of brilliance {unknown}
 l - a potion of resistance {unknown}
 o - a potion of heal wounds {unknown}
 r - a potion of degeneration {unknown}


   Skills:
 + Level 3.2 Fighting
 + Level 3.6 Short Blades
 + Level 3.0 Dodging
 + Level 3.7 Stealth


You had 4 spell levels left.
You didn't know any spells.
Your spell library contained the following spells:

 Spells                   Type           Power      Damage    Failure   Level
 Magic Dart               Conj           0%         1d3       36%         1


Dungeon Overview and Level Annotations

Branches:
Dungeon (3/15)

Altars:

Shops:
D:2 [

Annotations:
D:3 Robin


Innate Abilities, Weirdness & Mutations

You have extremely sharp teeth.
Your natural rate of healing is unusually fast.
When hurt, damage is shared between your health and your magic reserves.
Your bite disrupts and absorbs the magic of your enemies.
Potions cannot restore your health.


Message History

The rat bites you. The hobgoblin hits you. Robin throws the goblin at you!
You closely miss the goblin. The rat bites you. The hobgoblin hits you.
Robin hits you from afar with a +0 trident.
An ice beast comes into view.
The hobgoblin barely misses you. The goblin hits you with a +0 club.
Unknown command.
You hit the goblin.
You kill the goblin!
The rat barely misses you.
The hobgoblin hits you but does no damage.
The hobgoblin hits you.
* * * LOW HITPOINT WARNING * * *
Robin throws the goblin at you!
* * * LOW HITPOINT WARNING * * *
You have reached level 5!
You hit the goblin but do no damage.
The hobgoblin no longer looks unusually strong.
You puncture the goblin!
You kill the goblin!
The rat barely misses you.
The hobgoblin hits you but does no damage.
Robin roars a battlecry!
The hobgoblin goes into a battle-frenzy!
Unknown command.
You hit the hobgoblin but do no damage. The rat completely misses you.
The hobgoblin misses you. The hobgoblin hits you.
* * * LOW HITPOINT WARNING * * *
Robin closely misses you.
You closely miss the hobgoblin. You bite the hobgoblin. You drain its power.
You feel invigorated.
The hobgoblin is heavily wounded.
The hobgoblin no longer looks unusually strong.
The rat bites you.
* * * LOW HITPOINT WARNING * * *
The hobgoblin hits you but does no damage.
The hobgoblin closely misses you.
Robin roars a battlecry!
The hobgoblin goes into a battle-frenzy!
The hobgoblin hits you.
You die...

###.##..............# ###########
.......#.....######## #..........
...#####.###.##########..........
...#....>...†.........'..........
...#.#######.....######..........
...# #.........##.......... .<.#
#...#.##.........^.... ...#
###.#gg'.............. ...##
#.#@#..##...###...## ....#
#.#gr.###.#.# .#.# ....# #.##Yg#
#...# . # ....# #.##.)...###. ##
.#### #.###..#.# .# .# .....# #.
.# ..### #. .# #..# ## #..#


You could see an ice beast, Robin, 3 hobgoblins and a rat.

Vanquished Creatures
  6 adders
  A worm (D:2)
  An orc (D:3)
  3 endoplasms
  2 giant cockroaches (D:1)
  12 goblins
  2 hobgoblins
  3 kobolds (D:1)
  5 quokkas
  7 ball pythons
  6 bats
  2 frilled lizards (D:2)
  10 rats
60 creatures vanquished.

Notes
Turn   | Place    | Note
-------+----------+-------------------------------------------
     0 | D:1      | coolguy69 the Vine Stalker Monk began the quest for the
                  | Orb.
     0 | D:1      | Reached XP level 1. HP: 11/11 MP: 2/2
   261 | D:1      | Reached XP level 2. HP: 16/16 MP: 3/3
  1024 | D:2      | Reached XP level 3. HP: 20/20 MP: 4/4
  1074 | D:2      | Found Ucoesats's Antique Armour Boutique.
  1622 | D:2      | Gained mutation: Your natural rate of healing is unusually
                  | fast. [Vine Stalker growth]
  1622 | D:2      | Reached XP level 4. HP: 7/24 MP: 2/5
  2163 | D:2      | Found a faded altar of an unknown god.
  2166 | D:2      | Got Plato's Parchment of Concussion
  2368 | D:3      | Noticed Robin
  2382 | D:3      | Noticed an ice beast
  2383 | D:3      | HP: 1/24 [Robin/goblin (3)]
  2384 | D:3      | Reached XP level 5. HP: 1/28 MP: 1/6
  2387 | D:3      | Slain by a hobgoblin

Illustrated notes

Levels and vault maps discovered:
D:1:      dpeg_arrival_another_circle, layout_loops_ring,
          chequers_serial_rivers_micro_a
D:2:      minmay_chambers_of_twos, layout_basic,
          shapermc_ecumenical_altar_rom_forum, serial_shops, nicolae_shop_stone,
          st_stairs_9
D:3:      layout_basic, nicolae_overflow_hidden_temple, minmay_starry_boxes,
          uniq_robin

Skill      XL: |  1  2  3  4 |
---------------+-------------+-----
Fighting       | 3 |  3.2
Short Blades   | 3 |  3.6
Stealth        | 3 |  3.7
Dodging        | 3 |  3.0

Action                   |  1- 3 |  4- 6 || total
-------------------------+-------+-------++-------
Melee: Short sword       |    63 |    64 ||   127
       Bite              |    17 |    14 ||    31
 Stab: Sleeping          |    10 |     8 ||    18
Armor: Robe              |     7 |    14 ||    21
Dodge: Dodged            |    36 |    59 ||    95

Table legend: (Time is in decaauts)
 A = Elapsed time spent in this place.
 B = Non-inter-level travel time spent in this place.
 C = Inter-level travel time spent in this place.
 D = Time resting spent in this place.
 E = Time spent auto-exploring this place.
 F = Levels seen in this place.
 G = Mean time per level.
                   A        B        C        D        E       F      G
               +--------+--------+--------+--------+--------+-----+--------+
         Total |   2380 |   2319 |     61 |    123 |   1853 |   3 |  793.3 |
       Dungeon |   2380 |   2319 |     61 |    123 |   1853 |   3 |  793.3 |
               +--------+--------+--------+--------+--------+-----+--------+

Top non-repeatable levels by time:
     D:2: 1162 daAuts
     D:1: 1014 daAuts
     D:3: 204 daAuts
